 Dungeon Crawl Stone Soup version 0.30.1-6-gbe392663c4 (webtiles) character file.

Game seed: 6823037499766762212

97 Ivernyr the Ducker (level 4, -3/23 HPs)
             Began as a Spriggan Fighter on Sept 21, 2023.
             Killed from afar by an orc wizard (10 damage)
             ... with a puff of flame
             ... on level 4 of the Dungeon.
             The game lasted 00:07:18 (2106 turns).

Ivernyr the Ducker (Spriggan Fighter)               Turns: 2106, Time: 00:07:19

Health: -3/23      AC:  2    Str: 12    XL:     4   Next: 42%
Magic:  5/5        EV: 19    Int:  9    God:
Gold:   200        SH:  5    Dex: 16    Spells: 3/3 levels left

rFire   . . .        a - +0 long sword
rCold   . . .        c - +0 buckler
rNeg    . . .        p - +0 toga "Victory" {*Victory Clar}
rPois   .            (helmet restricted)
rElec   .            (no cloak)
rCorr   .            (gloves unavailable)
SInv    +            (boots unavailable)
Will    .....        (no amulet)
Stlth   +            (no ring)
HPRegen 0.23/turn    (no ring)
MPRegen 0.09/turn

%: clarity
@: very quick
A: very small, no large weapons, unfitting armour, see invisible, speed 3
a: no special abilities


You were on level 4 of the Dungeon.
You visited 1 branch of the dungeon, and saw 4 of its levels.

You collected 200 gold pieces.

Inventory:

Hand Weapons
 a - a +0 long sword (weapon)
Armour
 c - a +0 buckler (worn)
 p - the +0 toga "Victory" (worn) {*Victory Clar}
   (You found it on level 2 of the Dungeon)

   *Victory:  When the wearer kills a threatening monster, it has a chance to
   gain +1 AC, +1 Slay, and +1 Int, capping at +7.
   When the wearer uses a scroll or a potion with a hostile monster in sight,
   its bonuses reset to +0.
   Unequipping it also resets its bonuses to +0.
   Clar:      It protects you from confusion, rage, mesmerisation and fear.
Jewellery
 m - a +6 ring of dexterity
Scrolls
 b - a scroll of enchant weapon {unknown}
 f - a scroll of immolation {unknown}
 g - a scroll of noise {unknown}
 i - 4 scrolls of identify {unknown}
 l - a scroll of blinking {unknown}
 n - a scroll of vulnerability {unknown}
Potions
 d - a potion of might
 e - a potion of berserk rage {unknown}
 h - a potion of brilliance {unknown}
 j - a potion of cancellation {unknown}
 k - 2 potions of degeneration {unknown}
 o - a potion of ambrosia {unknown}
 q - a potion of curing {unknown}
 r - a potion of heal wounds {unknown}
 s - a potion of mutation {unknown}


   Skills:
 + Level 2.9 Fighting
 + Level 0.6(1.8) Short Blades
 - Level 2.0(2.1) Long Blades
 * Level 5.4 Dodging
 + Level 2.6 Shields


You had 3 spell levels left.
You didn't know any spells.
Your spell library contained the following spells:

 Spells                   Type           Power      Damage    Failure   Level
 Sandblast                Erth           0%         2d4       50%         1
 Passwall                 Tmut/Erth      0%         N/A       65%         2
 Stone Arrow              Conj/Erth      0%         3d7       86%         3


Dungeon Overview and Level Annotations

Branches:
Dungeon (4/15)
 Temple: D:4-7

Altars:
Trog
The Shining One

Shops:
D:3 *


Innate Abilities, Weirdness & Mutations

You are very small and have problems with some larger weapons.
You are too small for most types of armour.
You have supernaturally acute eyesight. (SInv)
You cover ground extremely quickly. (Speed+++)


Message History

The dart slug launches a dart at you. You block the slug dart.
There is a stone staircase leading up, spattered with blood here.
You see here a +0 quarterstaff.
You barely miss the dart slug. The dart slug barely misses you.
You slash the dart slug!
The dart slug is severely wounded.
The dart slug launches a dart at you. You block the slug dart.
You slash the dart slug!
You kill the dart slug!
i - 4 scrolls labelled MAREIXTUOLU (gained 1)
You now have 200 gold pieces (gained 15).
An orc wizard comes into view. It is wielding a +0 dagger.
Found 2 throwing nets.
The orc wizard shouts!
You hear a shout!
An orc wizard is nearby!
An orc comes into view. It is wielding a +0 hand axe.
Found a bloodstained altar of Trog.
An orc comes into view. It is wielding a +0 trident.
The orc shouts!
The orc wizard casts a spell at you. The puff of flame hits you!
You barely miss the orc wizard. The orc wizard barely misses you.
You hit the orc wizard.
The orc wizard is moderately wounded.
The orc wizard barely misses you.
The orc hits you from afar with a +0 trident!
You hit the orc.
The orc is moderately wounded.
The orc misses you.
You barely miss the orc wizard.
The orc wizard is moderately wounded.
The orc misses you.
The orc wizard casts a spell.
The orc wizard flickers and vanishes for a moment.
The orc hits you with a +0 hand axe.
The orc wizard points at you and mumbles some strange words.
The puff of flame hits you!
You die...

...........#.#......
.......##..........#
#.. #..##.#####..###
##.. #......# ....#
###... ##......#
.##.#
...._.##.......# .#
# #............# ..
###..........# .#
...###.o@######## .#
.........#
#...(.oo.#
#..........
###......###
#.#.#..# #.#.#..# #
#....# ####.#


You could see an orc wizard (invisible) and 2 orcs.

Vanquished Creatures
  3 adders
  2 worms
  3 dart slugs
  An orc (D:3)
  9 endoplasms
  2 giant cockroaches (D:1)
  4 goblins
  4 hobgoblins
  4 jackals (D:1)
  6 kobolds
  2 quokkas
  4 ball pythons
  3 bats
  4 frilled lizards
  7 rats
58 creatures vanquished.

Notes
Turn   | Place    | Note
-------+----------+-------------------------------------------
     0 | D:1      | Ivernyr the Spriggan Fighter began the quest for the Orb.
     0 | D:1      | Reached XP level 1. HP: 11/11 MP: 2/2
    97 | D:1      | Reached XP level 2. HP: 10/16 MP: 3/3
   367 | D:1      | Reached XP level 3. HP: 9/19 MP: 4/4
   629 | D:2      | Found the +0 toga "Victory" {*Victory Clar}
   817 | D:2      | Reached skill level 5 in Dodging
   950 | D:2      | Identified the +8 whip of the Snake Pit {heavy, Fly rC-
                  | Dex+3 SInv}
  1316 | D:3      | Found Wooxuopa's Assorted Antiques.
  1477 | D:3      | Reached XP level 4. HP: 23/23 MP: 5/5
  1542 | D:3      | Identified the +5 ring mail of Kilynu Sucuh {Harm rF- Str+3
                  | Int+3}
  1890 | D:3      | Found a glowing golden altar of the Shining One.
  2098 | D:4      | Found a bloodstained altar of Trog.
  2106 | D:4      | Killed from afar by an orc wizard

Illustrated notes

Levels and vault maps discovered:
D:1:      ldierk_walled_garden_2, layout_rooms
D:2:      layout_loops_cross, minmay_statues_item
D:3:      layout_loops_ring, tso_altar, serial_shops,
          nicolae_shop_getting_attention
D:4:      layout_loops_cross, trog_three_pillars_becter

Skill      XL: |  1  2  3 |
---------------+----------+-----
Long Blades    | 2 |  2.0
Dodging        | 5 |  5.4
Fighting       | |  2.9
Short Blades   | |  0.6
Shields        | |  2.6

Action                     |  1- 3 |  4- 6 || total
---------------------------+-------+-------++-------
  Melee: Long sword        |   124 |    56 ||   180
   Stab: Sleeping          |     2 |     1 ||     3
 Armour: Robe              |    11 |     1 ||    12
  Dodge: Dodged            |    91 |    54 ||   145
  Block: Buckler           |    21 |    14 ||    35
